Blackdemons vs Ice Dragons (R1)

Created - December 7, 2017 at 00:11

Goals
1 2 3 OT1 SO T
Blackdemons 1 2 1 0 2 5
Ice Dragons 1 3 0 0 0 4
Shots
1 2 3 OT1 SO T
Blackdemons 12 17 15 0 2 44
Ice Dragons 14 10 7 1 2 32

1st period

1. Blackdemons , Ales Kotalik 13 (Martin Hanzal 16) at 9:06
2. Ice Dragons , Curtis Glencross 15 (Michael Latta 16) at 19:33 (PP)

Penalties :
Noel Acciari (MJM) for Holding (Minor) at 19:32

2nd period

3. Ice Dragons , Ian Cole 4 (Michael Ferland 3) at 2:58
4. Blackdemons , Ales Kotalik 14 (Martin Hanzal 17) at 3:23 (PP)
5. Ice Dragons , Tyler Haskins 6 (Joe Callahan 10, Petr Vrana 8) at 4:08
6. Blackdemons , Branko Radivojevic 11 (Sergei Plotnikov 4) at 4:25
7. Ice Dragons , Troy Brouwer 14 (Curtis Glencross 21, Michael Latta 17) at 18:56

Penalties :
Christian Djoos (Kin) for Hooking (Minor) at 3:15, Ian Cole (Kin) for Holding (Minor) at 13:47

3rd period

8. Blackdemons , Mikko Lehtonen 7 (Mathew Dumba 8, Sergei Plotnikov 5) at 11:40

Penalties :
Tyler Haskins (Kin) for High sticking (Minor) at 2:04, Petr Vrana (Kin) for Interference (Minor) at 4:58, Logan MacMillan (Kin) for Holding Stick (Minor) at 7:33, Tyler Haskins (Kin) for High sticking (Minor) at 19:19

Overtime #1

No Goal

Penalties :
No Penalty

Shootout

Penalty Shot by Noel Acciari for Blackdemons - Goal!
Penalty Shot by Curtis Glencross for Ice Dragons - Shot Misses the Net
Penalty Shot by Martin Hanzal for Blackdemons - Goal!
Penalty Shot by Troy Brouwer for Ice Dragons - Shot Misses the Net

Penalties :
No Penalty

Goalie Stats

Alexander Salak (MJM), 28 saves from 32 shots - (0.875), W, 1-4-0, 65:00 minutes
Anders Nilsson (Kin), 40 saves from 44 shots - (0.909), OTL, 11-9-1, 65:00 minutes

Players Stats for Blackdemons

Player Name              G  A  P  +/- PIM S  H  SB GA TA FO     MP     PP MP  PK MP  
------------------------------------------------------------------------------------
Ales Kotalik             2  0  2   0  0   8  1  0  0  1  1/1    22:21   4:46   0:00 
Blake Pietila            0  0  0   0  0   4  4  1  0  0  0/0    21:21   4:36   0:00 
Branko Radivojevic       1  0  1   0  0   3  4  0  0  0  0/0    20:15   3:58   0:00 
Brett Kulak              0  0  0   0  0   0  0  0  0  0  0/0     3:43   0:00   0:00 
Calvin de Haan           0  0  0   1  0   3  1  0  1  0  0/0    22:49   3:51   0:00 
Charles-Olivier Roussel  0  0  0   0  0   0  0  1  0  0  0/0    11:07   0:28   0:00 
Jeffrey Foss             0  0  0   1  0   1  1  1  0  1  0/0    22:50   3:51   0:01 
Keaton Ellerby           0  0  0  -1  0   1  1  3  0  3  0/0    31:04   4:25   0:01 
Klas Dahlbeck            0  0  0   0  0   1  1  0  0  1  0/0    11:07   0:28   0:00 
Kyle Rau                 0  0  0   0  0   3  1  1  0  0  2/5    13:09   0:00   0:00 
Mackenzie MacEachern     0  0  0   0  0   2  2  0  0  0  1/2    11:48   0:00   0:01 
Martin Hanzal            0  2  2   0  0   6  0  3  0  0  20/35  23:36   4:46   0:01 
Mathew Dumba             0  1  1  -1  0   2  3  0  0  0  0/0    27:20   4:25   0:00 
Max Friberg              0  0  0   0  0   3  1  0  0  0  1/2     8:21   0:00   0:00 
Mikko Lehtonen           1  0  1   0  0   2  0  0  0  0  0/3    14:04   0:10   0:00 
Noel Acciari             0  0  0   0  2   1  0  0  1  0  15/21  19:53   3:58   0:00 
Scott Timmins            0  0  0   0  0   1  0  0  1  0  1/6     7:58   0:00   0:00 
Scott Wilson             0  0  0   0  0   1  0  0  0  0  0/0     7:58   0:00   0:00 
Sergei Plotnikov         0  2  2   0  0   2  2  1  0  0  0/1    19:14   3:58   0:00 

Players Stats for Ice Dragons

Player Name              G  A  P  +/- PIM S  H  SB GA TA FO     MP     PP MP  PK MP  
------------------------------------------------------------------------------------
Andrej Nestrasil         0  0  0   0  0   3  2  0  0  0  3/8    10:42   0:00   0:00 
Brandon Kozun            0  0  0   0  0   0  0  0  0  0  0/0    10:42   0:00   0:00 
Chris Wagner             0  0  0   1  0   0  1  0  0  0  0/0     7:50   0:00   0:00 
Christian Djoos          0  0  0   1  2   0  1  0  0  0  0/0     5:41   0:00   0:00 
Curtis Glencross         1  1  2  -2  0   2  3  1  1  0  8/16   24:49   0:01   5:54 
Ian Cole                 1  0  1   1  2   3  2  1  2  1  0/0    25:56   0:01   5:14 
Joe Callahan             0  1  1   1  0   2  1  2  1  0  0/0    27:01   0:01   6:23 
Justin Faulk             0  0  0  -1  0   3  2  1  0  0  0/0    20:30   0:00   3:39 
Justin Shugg             0  0  0   0  0   0  0  0  0  0  0/0     2:18   0:00   1:50 
Kevin Connauton          0  0  0  -1  0   2  3  0  0  0  0/0    20:36   0:00   3:40 
Logan MacMillan          0  0  0   0  2   0  1  1  0  0  1/2    10:44   0:00   0:00 
Michael Chaput           0  0  0   1  0   1  2  1  0  0  3/6     7:50   0:00   0:00 
Michael Ferland          0  1  1   1  0   0  0  0  0  1  0/0     9:42   0:00   1:32 
Michael Latta            0  2  2  -2  0   4  1  0  2  0  11/28  21:17   0:01   2:36 
Michael Stone            0  0  0  -1  0   0  0  1  0  0  0/0    11:41   0:00   0:00 
Petr Vrana               0  1  1   1  2   1  1  0  0  0  1/3    17:31   0:00   1:41 
Ryan Reaves              0  0  0   1  0   0  0  0  0  1  0/1    14:48   0:00   0:00 
Sam Carrick              0  0  0   0  0   0  0  0  0  0  0/0     1:09   0:00   0:00 
Samuel Groulx            0  0  0   1  0   0  0  1  0  0  0/0     6:19   0:00   0:37 
Theodor Blueger          0  0  0   0  0   0  0  0  0  0  0/0     1:02   0:00   0:00 
Tomas Kudelka            0  0  0  -1  0   0  1  2  0  0  0/0    12:19   0:00   0:33 
Troy Brouwer             1  0  1  -2  0   5  2  0  0  0  1/1    24:24   0:01   5:14 
Tyler Haskins            1  0  1   1  4   6  1  1  0  0  7/11   15:00   0:00   0:00 

3 Stars

1 - Ales Kotalik (MJM)
2 - Branko Radivojevic (MJM)
3 - Curtis Glencross (Kin)

Power Play

Blackdemons - 1 on 6 Attempt(s) - 16.67%
Ice Dragons - 1 on 1 Attempt(s) - 100.00%

Penalty Kill

Blackdemons - 0 on 1 Attempt(s) - 0.00% - Score 0 goal in Penalty Kill
Ice Dragons - 5 on 6 Attempt(s) - 83.33% - Score 0 goal in Penalty Kill

Team Stat

Blackdemons - Hits : 22 - Faceoff Wins : 41 - Blocked Shots : 11 - Penalty Minutes : 2
Ice Dragons - Hits : 24 - Faceoff Wins : 35 - Blocked Shots : 12 - Penalty Minutes : 12

Official

Referees : Fraser Kerry and Lee Chris
Linesman : Brian Murphy and Michel Cormier

Game Notes

No Game Note

Finance

Level 1 -- Attendance: 1505 (75.25%) -- Ticket Income $60,200
Level 2 -- Attendance: 813 (81.30%) -- Ticket Income $16,260
Total Attendance: 2318 (77.27%)
Total Ticket Income: $76,460
Other Income: $3,823
Total Income: $80,283

Blackdemons

5 vs 5 Forward 
   Center                   Left Wing                Right Wing               Time % Phy DF OF 
 1 Martin Hanzal            Blake Pietila            Ales Kotalik             40     0   1  4  
 2 Noel Acciari             Sergei Plotnikov         Branko Radivojevic       32     0   1  4  
 3 Kyle Rau                 Mackenzie MacEachern     Mikko Lehtonen           20     1   2  2  
 4 Scott Timmins            Scott Wilson             Max Friberg              8      1   2  2  

5 vs 5 Defense 
   Defense                  Defense                                           Time % Phy DF OF 
 1 Keaton Ellerby           Mathew Dumba                                      45     0   3  2  
 2 Jeffrey Foss             Calvin de Haan                                    35     0   3  2  
 3 Klas Dahlbeck            Charles-Olivier Roussel                           12     1   3  1  
 4 Keaton Ellerby           Brett Kulak                                       8      1   3  1  

PowerPlay Forward 
   Center                   Left Wing                Right Wing               Time % Phy DF OF 
 1 Martin Hanzal            Blake Pietila            Ales Kotalik             60     0   1  4  
 2 Noel Acciari             Sergei Plotnikov         Branko Radivojevic       40     0   1  4  

PowerPlay Defense
   Defense                  Defense                                           Time % Phy DF OF 
 1 Mathew Dumba             Keaton Ellerby                                    60     1   1  3  
 2 Jeffrey Foss             Calvin de Haan                                    40     1   1  3  

Penalty Kill 4 Players Forward 
   Center                   Wing                     Time % Phy DF OF 
 1 Martin Hanzal            Mackenzie MacEachern     60     1   4  0  
 2 Ales Kotalik             Branko Radivojevic       40     1   4  0  

Penalty Kill 4 Players Defense
   Defense                  Defense                  Time % Phy DF OF 
 1 Keaton Ellerby           Jeffrey Foss             60     1   4  0  
 2 Calvin de Haan           Mathew Dumba             40     1   4  0  

Penalty Kill - 3 Players Forward 
   Forward                                           Time % Phy DF OF 
 1 Ales Kotalik                                      60     1   4  0  
 2 Martin Hanzal                                     40     1   4  0  

Penalty Kill - 3 Players Defense
   Defense                  Defense                  Time % Phy DF OF 
 1 Keaton Ellerby           Mathew Dumba             60     1   4  0  
 2 Calvin de Haan           Jeffrey Foss             40     1   4  0  

4 vs 4 Forward 
   Center                   Wing                     Time % Phy DF OF 
 1 Martin Hanzal            Branko Radivojevic       60     1   2  2  
 2 Ales Kotalik             Mikko Lehtonen           40     1   2  2  

4 vs 4 Defense
   Defense                  Defense                  Time % Phy DF OF 
 1 Keaton Ellerby           Mathew Dumba             60     1   2  2  
 2 Calvin de Haan           Jeffrey Foss             40     1   2  2  

Last Minutes Offensive
   Center                   Left Wing                Right Wing               Defense                  Defense                  
   Martin Hanzal            Sergei Plotnikov         Ales Kotalik             Keaton Ellerby           Calvin de Haan           

Last Minutes Defensive
   Center                   Left Wing                Right Wing               Defense                  Defense                  
   Martin Hanzal            Sergei Plotnikov         Ales Kotalik             Keaton Ellerby           Calvin de Haan           

Goaltenders
Starting : Alexander Salak          
Backup : Matt Hackett             

Extra Forwards
Normal : Mikko Lehtonen, Noel Acciari, Kyle Rau - PP : Mikko Lehtonen, Noel Acciari - PK : Kyle Rau
Extra Defensemen
Normal : Mathew Dumba, Charles-Olivier Roussel, Keaton Ellerby - PP : Mathew Dumba - PK : Charles-Olivier Roussel, Calvin de Haan
Penalty Shots
Noel Acciari, Martin Hanzal, Ales Kotalik, Mackenzie MacEachern, Branko Radivojevic

Scratches
Andy McDonald (Right Leg Injury), Alexandre Grenier (Back Surgery Injury), Dan Bertram (Healthy), Colin Smith (Healthy), Jyrki Jokipakka (Healthy)
Reece Scarlett (Healthy), Patrice Cormier (Head Injury), Andrew MacDonald (Strained Left Knee Injury), Ben Maxwell (Healthy), Nicolas Deschamps (Healthy)
Jacob Lagacé (Healthy), James Livingstone (Healthy), Sami Aittokallio (Healthy)

Ice Dragons

5 vs 5 Forward 
   Center                   Left Wing                Right Wing               Time % Phy DF OF 
 1 Michael Latta            Curtis Glencross         Troy Brouwer             40     1   2  2  
 2 Tyler Haskins            Petr Vrana               Ryan Reaves              30     1   2  2  
 3 Andrej Nestrasil         Logan MacMillan          Brandon Kozun            20     1   2  2  
 4 Michael Chaput           Michael Ferland          Chris Wagner             10     1   2  2  

5 vs 5 Defense 
   Defense                  Defense                                           Time % Phy DF OF 
 1 Joe Callahan             Ian Cole                                          40     1   2  2  
 2 Justin Faulk             Kevin Connauton                                   30     1   2  2  
 3 Michael Stone            Tomas Kudelka                                     20     1   2  2  
 4 Samuel Groulx            Christian Djoos                                   10     1   2  2  

PowerPlay Forward 
   Center                   Left Wing                Right Wing               Time % Phy DF OF 
 1 Michael Latta            Curtis Glencross         Troy Brouwer             60     1   2  2  
 2 Tyler Haskins            Petr Vrana               Ryan Reaves              40     1   2  2  

PowerPlay Defense
   Defense                  Defense                                           Time % Phy DF OF 
 1 Joe Callahan             Ian Cole                                          60     1   2  2  
 2 Justin Faulk             Kevin Connauton                                   40     1   2  2  

Penalty Kill 4 Players Forward 
   Center                   Wing                     Time % Phy DF OF 
 1 Curtis Glencross         Troy Brouwer             60     1   2  2  
 2 Michael Latta            Petr Vrana               40     1   2  2  

Penalty Kill 4 Players Defense
   Defense                  Defense                  Time % Phy DF OF 
 1 Joe Callahan             Ian Cole                 60     1   2  2  
 2 Justin Faulk             Kevin Connauton          40     1   2  2  

Penalty Kill - 3 Players Forward 
   Forward                                           Time % Phy DF OF 
 1 Curtis Glencross                                  60     1   2  2  
 2 Troy Brouwer                                      40     1   2  2  

Penalty Kill - 3 Players Defense
   Defense                  Defense                  Time % Phy DF OF 
 1 Joe Callahan             Ian Cole                 60     1   2  2  
 2 Justin Faulk             Kevin Connauton          40     1   2  2  

4 vs 4 Forward 
   Center                   Wing                     Time % Phy DF OF 
 1 Curtis Glencross         Troy Brouwer             60     1   2  2  
 2 Michael Latta            Petr Vrana               40     1   2  2  

4 vs 4 Defense
   Defense                  Defense                  Time % Phy DF OF 
 1 Joe Callahan             Ian Cole                 60     1   2  2  
 2 Justin Faulk             Kevin Connauton          40     1   2  2  

Last Minutes Offensive
   Center                   Left Wing                Right Wing               Defense                  Defense                  
   Michael Latta            Curtis Glencross         Troy Brouwer             Joe Callahan             Ian Cole                 

Last Minutes Defensive
   Center                   Left Wing                Right Wing               Defense                  Defense                  
   Michael Latta            Curtis Glencross         Troy Brouwer             Joe Callahan             Ian Cole                 

Goaltenders
Starting : Anders Nilsson           
Backup : Harru Sateri             

Extra Forwards
Normal : Sam Carrick, Theodor Blueger, Justin Shugg - PP : Sam Carrick, Theodor Blueger - PK : Justin Shugg
Extra Defensemen
Normal : Michael Stone, Tomas Kudelka, Samuel Groulx - PP : Michael Stone - PK : Tomas Kudelka, Samuel Groulx
Penalty Shots
Curtis Glencross, Troy Brouwer, Michael Latta, Petr Vrana, Tyler Haskins

Scratches
Oscar Dansk (Healthy)

% Time on Ice - Blackdemons

Lines # - Real PCT - Wanted PCT - Time Play
Normal Forward
1 - 33% - 40% - 16:49
2 - 29% - 32% - 14:41
3 - 23% - 20% - 11:47
4 - 16% - 8% - 7:58
Normal Defense
1 - 40% - 45% - 20:31
2 - 33% - 35% - 16:41
3 - 20% - 12% - 10:20
4 - 7% - 8% - 3:43
PP Forward
1 - 55% - 60% - 4:46
2 - 45% - 40% - 3:58
PP Defense
1 - 56% - 60% - 4:53
2 - 44% - 40% - 3:51
PK Forward
1 - 100% - 60% - 0:01
2 - 0% - 40% - 0:00
PK Defense
1 - 100% - 60% - 0:01
2 - 0% - 40% - 0:00
PK3 Forward
1 - 0% - 60%
2 - 0% - 40%
PK3 Defense
1 - 0% - 60%
2 - 0% - 40%
44 Forward
1 - 85% - 60% - 4:14
2 - 15% - 40% - 0:46
44 Defense
1 - 54% - 60% - 2:43
2 - 46% - 40% - 2:17
Last Minute Offensive  - 0:00
Last Minute Defensive  - 0:00
Total
Forward - 65:00
Defense - 65:00

% Time on Ice - Ice Dragons

Lines # - Real PCT - Wanted PCT - Time Play
Normal Forward
1 - 35% - 40% - 17:42
2 - 29% - 30% - 15:01
3 - 21% - 20% - 10:42
4 - 15% - 10% - 7:50
Normal Defense
1 - 38% - 40% - 19:17
2 - 29% - 30% - 15:07
3 - 22% - 20% - 11:09
4 - 11% - 10% - 5:42
PP Forward
1 - 100% - 60% - 0:01
2 - 0% - 40% - 0:00
PP Defense
1 - 100% - 60% - 0:01
2 - 0% - 40% - 0:00
PK Forward
1 - 75% - 60% - 6:31
2 - 25% - 40% - 2:13
PK Defense
1 - 65% - 60% - 5:42
2 - 35% - 40% - 3:02
PK3 Forward
1 - 80% - 60% - 1:03
2 - 20% - 40% - 0:16
PK3 Defense
1 - 53% - 60% - 0:42
2 - 47% - 40% - 0:37
44 Forward
1 - 77% - 60% - 2:51
2 - 23% - 40% - 0:50
44 Defense
1 - 53% - 60% - 1:57
2 - 47% - 40% - 1:44
Last Minute Offensive  - 0:00
Last Minute Defensive  - 0:00
Total
Forward - 65:00
Defense - 65:00

Play by Play

1st period


0:01 of 1st period - Martin Hanzal wins face-off versus Michael Latta in neutral zone.
0:04 of 1st period - Michael Latta is hit by Blake Pietila and loses puck.
0:50 of 1st period - Snap shot by Mackenzie MacEachern.
0:50 of 1st period - Stopped by Anders Nilsson without a rebound.
0:51 of 1st period - Andrej Nestrasil wins face-off versus Mikko Lehtonen in Ice Dragons zone.
0:57 of 1st period - Off-side.
0:58 of 1st period - Scott Timmins wins face-off versus Michael Chaput in neutral zone.
1:13 of 1st period - Snap shot by Michael Chaput.
1:13 of 1st period - Shot Misses the Net.
1:31 of 1st period - Snap shot by Martin Hanzal.
1:31 of 1st period - Stopped by Anders Nilsson without a rebound.
1:32 of 1st period - Noel Acciari wins face-off versus Tyler Haskins in Ice Dragons zone.
2:27 of 1st period - Slapshot by Curtis Glencross.
2:27 of 1st period - Shot Misses the Net.
2:43 of 1st period - Scott Timmins is hit by Michael Chaput and loses puck.
2:48 of 1st period - Wrist shot by Michael Chaput.
2:48 of 1st period - Shot Misses the Net.
2:50 of 1st period - Snap shot by Michael Chaput.
2:50 of 1st period - Shot Blocked by Keaton Ellerby.
2:52 of 1st period - Slapshot by Joe Callahan.
2:52 of 1st period - Stopped by Alexander Salak with a rebound.
3:16 of 1st period - Wrist shot by Scott Timmins.
3:16 of 1st period - Shot Misses the Net.
3:18 of 1st period - Slapshot by Keaton Ellerby.
3:18 of 1st period - Shot Blocked by Joe Callahan.
3:30 of 1st period - Snap shot by Scott Timmins.
3:30 of 1st period - Deflect By Scott Wilson.
3:30 of 1st period - Stopped by Anders Nilsson with a rebound.
4:12 of 1st period - Snap shot by Petr Vrana.
4:12 of 1st period - Shot Misses the Net.
4:17 of 1st period - Off-side.
4:18 of 1st period - Noel Acciari wins face-off versus Michael Latta in neutral zone.
4:51 of 1st period - Kevin Connauton is hit by Klas Dahlbeck and loses puck.
4:56 of 1st period - Wrist shot by Michael Chaput.
4:56 of 1st period - Shot Blocked by Charles-Olivier Roussel.
4:58 of 1st period - Wrist shot by Justin Faulk.
4:58 of 1st period - Deflect By Martin Hanzal.
4:58 of 1st period - Stopped by Alexander Salak without a rebound.
4:59 of 1st period - Michael Latta wins face-off versus Kyle Rau in Blackdemons zone.
5:24 of 1st period - Calvin de Haan is hit by Tomas Kudelka and loses puck.
5:53 of 1st period - Justin Faulk is hit by Sergei Plotnikov and loses puck.
7:20 of 1st period - Joe Callahan is hit by Branko Radivojevic and loses puck.
7:37 of 1st period - Backhand shot by Ian Cole.
7:37 of 1st period - Stopped by Alexander Salak without a rebound.
7:38 of 1st period - Tyler Haskins wins face-off versus Sergei Plotnikov in Blackdemons zone.
7:43 of 1st period - Backhand shot by Tyler Haskins.
7:43 of 1st period - Shot Misses the Net.
8:18 of 1st period - Wrist shot by Troy Brouwer.
8:18 of 1st period - Shot Misses the Net.
8:47 of 1st period - Off-side.
8:48 of 1st period - Michael Chaput wins face-off versus Scott Timmins in neutral zone.
8:51 of 1st period - Snap shot by Ian Cole.
8:51 of 1st period - Deflect By Calvin de Haan.
8:51 of 1st period - Stopped by Alexander Salak with a rebound.
9:04 of 1st period - Snap shot by Calvin de Haan.
9:04 of 1st period - Deflect By Scott Timmins.
9:04 of 1st period - Stopped by Anders Nilsson without a rebound.
9:05 of 1st period - Martin Hanzal wins face-off versus Michael Latta in Ice Dragons zone.
9:06 of 1st period - Slapshot by Ales Kotalik.
9:06 of 1st period - Goal by Ales Kotalik - Blackdemons : 1 - Ice Dragons : 0.
9:07 of 1st period - Martin Hanzal wins face-off versus Michael Latta in neutral zone.
9:34 of 1st period - Snap shot by Tyler Haskins.
9:34 of 1st period - Stopped by Alexander Salak without a rebound.
9:35 of 1st period - Noel Acciari wins face-off versus Tyler Haskins in Blackdemons zone.
9:40 of 1st period - Slapshot by Sergei Plotnikov.
9:40 of 1st period - Shot Misses the Net.
9:42 of 1st period - Snap shot by Calvin de Haan.
9:42 of 1st period - Stopped by Anders Nilsson without a rebound.
9:43 of 1st period - Noel Acciari wins face-off versus Michael Latta in Ice Dragons zone.
10:31 of 1st period - Slapshot by Kevin Connauton.
10:31 of 1st period - Stopped by Alexander Salak without a rebound.
10:32 of 1st period - Noel Acciari wins face-off versus Michael Chaput in Blackdemons zone.
10:39 of 1st period - Justin Faulk is hit by Branko Radivojevic and loses puck.
10:54 of 1st period - Branko Radivojevic is hit by Michael Chaput.
11:33 of 1st period - Icing by Tomas Kudelka.
11:34 of 1st period - Tyler Haskins wins face-off versus Noel Acciari in Ice Dragons zone.
11:54 of 1st period - Snap shot by Petr Vrana.
11:54 of 1st period - Deflect By Tyler Haskins.
11:54 of 1st period - Shot Blocked by Keaton Ellerby.
11:54 of 1st period - Puck is out of play.
11:55 of 1st period - Martin Hanzal wins face-off versus Curtis Glencross in Blackdemons zone.
12:27 of 1st period - Wrist shot by Andrej Nestrasil.
12:27 of 1st period - Stopped by Alexander Salak without a rebound.
12:28 of 1st period - Ales Kotalik wins face-off versus Andrej Nestrasil in Blackdemons zone.
12:53 of 1st period - Noel Acciari is hit by Troy Brouwer and loses puck.
13:02 of 1st period - Snap shot by Branko Radivojevic.
13:02 of 1st period - Shot Misses the Net.
13:20 of 1st period - Wrist shot by Kyle Rau.
13:20 of 1st period - Stopped by Anders Nilsson with a rebound.
13:24 of 1st period - Snap shot by Mackenzie MacEachern.
13:24 of 1st period - Shot Misses the Net.
13:26 of 1st period - Snap shot by Mikko Lehtonen.
13:26 of 1st period - Shot Misses the Net.
13:50 of 1st period - Jeffrey Foss is hit by Ian Cole and loses puck.
13:58 of 1st period - Icing by Jeffrey Foss.
13:59 of 1st period - Max Friberg wins face-off versus Andrej Nestrasil in Blackdemons zone.
13:59 of 1st period - Max Friberg is hit by Logan MacMillan.
14:07 of 1st period - Wrist shot by Ales Kotalik.
14:07 of 1st period - Stopped by Anders Nilsson without a rebound.
14:08 of 1st period - Martin Hanzal wins face-off versus Curtis Glencross in Ice Dragons zone.
14:13 of 1st period - Wrist shot by Ales Kotalik.
14:13 of 1st period - Stopped by Anders Nilsson with a rebound.
14:55 of 1st period - Christian Djoos is hit by Mackenzie MacEachern and loses puck.
15:21 of 1st period - Wrist shot by Ales Kotalik.
15:21 of 1st period - Shot Blocked by Michael Chaput.
15:37 of 1st period - Wrist shot by Michael Latta.
15:37 of 1st period - Stopped by Alexander Salak with a rebound.
15:40 of 1st period - Icing by Calvin de Haan.
15:41 of 1st period - Michael Latta wins face-off versus Max Friberg in Blackdemons zone.
16:25 of 1st period - Backhand shot by Troy Brouwer.
16:25 of 1st period - Stopped by Alexander Salak without a rebound.
16:26 of 1st period - Tyler Haskins wins face-off versus Martin Hanzal in Blackdemons zone.
16:35 of 1st period - Snap shot by Petr Vrana.
16:35 of 1st period - Stopped by Alexander Salak with a rebound.
16:37 of 1st period - Wrist shot by Tyler Haskins.
16:37 of 1st period - Stopped by Alexander Salak with a rebound.
16:39 of 1st period - Slapshot by Michael Stone.
16:39 of 1st period - Shot Blocked by Martin Hanzal.
16:41 of 1st period - Wrist shot by Tyler Haskins.
16:41 of 1st period - Stopped by Alexander Salak without a rebound.
16:42 of 1st period - Noel Acciari wins face-off versus Andrej Nestrasil in Blackdemons zone.
16:57 of 1st period - Wrist shot by Sergei Plotnikov.
16:57 of 1st period - Stopped by Anders Nilsson without a rebound.
16:58 of 1st period - Martin Hanzal wins face-off versus Michael Latta in Ice Dragons zone.
17:03 of 1st period - Slapshot by Martin Hanzal.
17:03 of 1st period - Stopped by Anders Nilsson with a rebound.
17:11 of 1st period - Backhand shot by Michael Latta.
17:11 of 1st period - Stopped by Alexander Salak without a rebound.
17:12 of 1st period - Noel Acciari wins face-off versus Petr Vrana in Blackdemons zone.
17:19 of 1st period - Backhand shot by Branko Radivojevic.
17:19 of 1st period - Shot Blocked by Justin Faulk.
17:37 of 1st period - Curtis Glencross is hit by Blake Pietila and loses puck.
17:44 of 1st period - Martin Hanzal is hit by Curtis Glencross and loses puck.
18:39 of 1st period - Wrist shot by Calvin de Haan.
18:39 of 1st period - Stopped by Anders Nilsson without a rebound.
18:40 of 1st period - Michael Chaput wins face-off versus Scott Timmins in Ice Dragons zone.
19:32 of 1st period - Minor Penalty to Noel Acciari for Holding.
19:33 of 1st period - Michael Latta wins face-off versus Mackenzie MacEachern in Blackdemons zone.
19:33 of 1st period - Wrist shot by Curtis Glencross.
19:33 of 1st period - Goal by Curtis Glencross - Blackdemons : 1 - Ice Dragons : 1.
19:34 of 1st period - Martin Hanzal wins face-off versus Curtis Glencross in neutral zone.
19:37 of 1st period - Wrist shot by Keaton Ellerby.
19:37 of 1st period - Shot Blocked by Curtis Glencross.
19:59 of 1st period - Justin Faulk is hit by Mathew Dumba and loses puck.
Goals for this period are 1 for Blackdemons vs 1 for Ice Dragons.
Shots for this period are 12 for Blackdemons vs 14 for Ice Dragons.

2nd period


0:01 of 2nd period - Martin Hanzal wins face-off versus Michael Latta in neutral zone.
1:18 of 2nd period - Justin Faulk is hit by Max Friberg and loses puck.
2:10 of 2nd period - Calvin de Haan is hit by Kevin Connauton.
2:32 of 2nd period - Snap shot by Michael Chaput.
2:32 of 2nd period - Stopped by Alexander Salak without a rebound.
2:33 of 2nd period - Martin Hanzal wins face-off versus Michael Chaput in Blackdemons zone.
2:58 of 2nd period - Slapshot by Ian Cole.
2:58 of 2nd period - Goal by Ian Cole - Blackdemons : 1 - Ice Dragons : 2.
2:59 of 2nd period - Martin Hanzal wins face-off versus Michael Latta in neutral zone.
3:01 of 2nd period - Keaton Ellerby is hit by Christian Djoos and loses puck.
3:15 of 2nd period - Minor Penalty to Christian Djoos for Hooking.
3:16 of 2nd period - Martin Hanzal wins face-off versus Curtis Glencross in Ice Dragons zone.
3:23 of 2nd period - Snap shot by Ales Kotalik.
3:23 of 2nd period - Goal by Ales Kotalik - Blackdemons : 2 - Ice Dragons : 2.
3:24 of 2nd period - Michael Latta wins face-off versus Noel Acciari in neutral zone.
3:30 of 2nd period - Icing by Noel Acciari.
3:31 of 2nd period - Noel Acciari wins face-off versus Michael Latta in Blackdemons zone.
4:02 of 2nd period - Snap shot by Tyler Haskins.
4:02 of 2nd period - Shot Misses the Net.
4:06 of 2nd period - Wrist shot by Tyler Haskins.
4:06 of 2nd period - Stopped by Alexander Salak with a rebound.
4:08 of 2nd period - Wrist shot by Tyler Haskins.
4:08 of 2nd period - Goal by Tyler Haskins - Blackdemons : 2 - Ice Dragons : 3.
4:09 of 2nd period - Michael Latta wins face-off versus Noel Acciari in neutral zone.
4:12 of 2nd period - Snap shot by Curtis Glencross.
4:12 of 2nd period - Shot Misses the Net.
4:25 of 2nd period - Snap shot by Branko Radivojevic.
4:25 of 2nd period - Goal by Branko Radivojevic - Blackdemons : 3 - Ice Dragons : 3.
4:26 of 2nd period - Martin Hanzal wins face-off versus Michael Latta in neutral zone.
4:31 of 2nd period - Snap shot by Martin Hanzal.
4:31 of 2nd period - Stopped by Anders Nilsson with a rebound.
4:41 of 2nd period - Snap shot by Jeffrey Foss.
4:41 of 2nd period - Shot Blocked by Samuel Groulx.
4:51 of 2nd period - Samuel Groulx is hit by Jeffrey Foss and loses puck.
5:10 of 2nd period - Wrist shot by Max Friberg.
5:10 of 2nd period - Stopped by Anders Nilsson with a rebound.
5:12 of 2nd period - Snap shot by Max Friberg.
5:12 of 2nd period - Shot Blocked by Joe Callahan.
5:14 of 2nd period - Slapshot by Mathew Dumba.
5:14 of 2nd period - Stopped by Anders Nilsson without a rebound.
5:15 of 2nd period - Michael Latta wins face-off versus Scott Timmins in Ice Dragons zone.
5:36 of 2nd period - Slapshot by Keaton Ellerby.
5:36 of 2nd period - Deflect By Scott Wilson.
5:36 of 2nd period - Shot Blocked by Michael Stone.
5:36 of 2nd period - Puck is out of play.
5:37 of 2nd period - Andrej Nestrasil wins face-off versus Martin Hanzal in Ice Dragons zone.
5:45 of 2nd period - Andrej Nestrasil is hit by Ales Kotalik.
6:03 of 2nd period - Kyle Rau is hit by Curtis Glencross and loses puck.
6:24 of 2nd period - Wrist shot by Branko Radivojevic.
6:24 of 2nd period - Stopped by Anders Nilsson with a rebound.
6:26 of 2nd period - Snap shot by Branko Radivojevic.
6:26 of 2nd period - Stopped by Anders Nilsson without a rebound.
6:27 of 2nd period - Martin Hanzal wins face-off versus Petr Vrana in Ice Dragons zone.
6:32 of 2nd period - Wrist shot by Martin Hanzal.
6:32 of 2nd period - Deflect By Blake Pietila.
6:32 of 2nd period - Stopped by Anders Nilsson without a rebound.
6:33 of 2nd period - Michael Latta wins face-off versus Martin Hanzal in Ice Dragons zone.
6:45 of 2nd period - Snap shot by Martin Hanzal.
6:45 of 2nd period - Stopped by Anders Nilsson without a rebound.
6:46 of 2nd period - Noel Acciari wins face-off versus Ryan Reaves in Ice Dragons zone.
7:20 of 2nd period - Snap shot by Curtis Glencross.
7:20 of 2nd period - Shot Blocked by Jeffrey Foss.
7:34 of 2nd period - Logan MacMillan is hit by Mackenzie MacEachern and loses puck.
8:01 of 2nd period - Noel Acciari is hit by Chris Wagner and loses puck.
8:35 of 2nd period - Icing by Joe Callahan.
8:36 of 2nd period - Martin Hanzal wins face-off versus Michael Latta in Ice Dragons zone.
9:05 of 2nd period - Snap shot by Michael Latta.
9:05 of 2nd period - Stopped by Alexander Salak with a rebound.
9:49 of 2nd period - Wrist shot by Ales Kotalik.
9:49 of 2nd period - Stopped by Anders Nilsson without a rebound.
9:50 of 2nd period - Noel Acciari wins face-off versus Michael Latta in Ice Dragons zone.
10:36 of 2nd period - Slapshot by Calvin de Haan.
10:36 of 2nd period - Shot Blocked by Logan MacMillan.
10:58 of 2nd period - Jeffrey Foss is hit by Troy Brouwer.
11:02 of 2nd period - Snap shot by Troy Brouwer.
11:02 of 2nd period - Shot Misses the Net.
12:00 of 2nd period - Logan MacMillan is hit by Keaton Ellerby and loses puck.
12:06 of 2nd period - Off-side.
12:07 of 2nd period - Noel Acciari wins face-off versus Michael Latta in neutral zone.
12:36 of 2nd period - Off-side.
12:37 of 2nd period - Tyler Haskins wins face-off versus Mikko Lehtonen in neutral zone.
12:40 of 2nd period - Mikko Lehtonen is hit by Joe Callahan and loses puck.
13:11 of 2nd period - Wrist shot by Petr Vrana.
13:11 of 2nd period - Shot Blocked by Kyle Rau.
13:23 of 2nd period - Wrist shot by Kyle Rau.
13:23 of 2nd period - Shot Blocked by Tyler Haskins.
13:25 of 2nd period - Wrist shot by Klas Dahlbeck.
13:25 of 2nd period - Stopped by Anders Nilsson without a rebound.
13:26 of 2nd period - Martin Hanzal wins face-off versus Michael Latta in Ice Dragons zone.
13:29 of 2nd period - Wrist shot by Martin Hanzal.
13:29 of 2nd period - Shot Misses the Net.
13:47 of 2nd period - Minor Penalty to Ian Cole for Holding.
13:48 of 2nd period - Troy Brouwer wins face-off versus Martin Hanzal in Ice Dragons zone.
13:48 of 2nd period - Troy Brouwer is hit by Mathew Dumba.
15:47 of 2nd period - Penalty to Ian Cole is over, Ian Cole is back on ice.
16:21 of 2nd period - Backhand shot by Mikko Lehtonen.
16:21 of 2nd period - Shot Misses the Net.
16:23 of 2nd period - Backhand shot by Calvin de Haan.
16:23 of 2nd period - Shot Misses the Net.
16:25 of 2nd period - Slapshot by Calvin de Haan.
16:25 of 2nd period - Stopped by Anders Nilsson with a rebound.
16:27 of 2nd period - Wrist shot by Mackenzie MacEachern.
16:27 of 2nd period - Shot Misses the Net.
16:29 of 2nd period - Wrist shot by Kyle Rau.
16:29 of 2nd period - Shot Blocked by Tomas Kudelka.
17:19 of 2nd period - Slapshot by Justin Faulk.
17:19 of 2nd period - Stopped by Alexander Salak with a rebound.
17:32 of 2nd period - Off-side.
17:33 of 2nd period - Noel Acciari wins face-off versus Michael Latta in neutral zone.
18:00 of 2nd period - Wrist shot by Justin Faulk.
18:00 of 2nd period - Stopped by Alexander Salak with a rebound.
18:06 of 2nd period - Snap shot by Tyler Haskins.
18:06 of 2nd period - Stopped by Alexander Salak with a rebound.
18:22 of 2nd period - Slapshot by Andrej Nestrasil.
18:22 of 2nd period - Stopped by Alexander Salak without a rebound.
18:23 of 2nd period - Kyle Rau wins face-off versus Michael Latta in Blackdemons zone.
18:28 of 2nd period - Slapshot by Keaton Ellerby.
18:28 of 2nd period - Deflect By Mikko Lehtonen.
18:28 of 2nd period - Stopped by Anders Nilsson with a rebound.
18:30 of 2nd period - Slapshot by Mathew Dumba.
18:30 of 2nd period - Stopped by Anders Nilsson with a rebound.
18:34 of 2nd period - Snap shot by Kyle Rau.
18:34 of 2nd period - Stopped by Anders Nilsson with a rebound.
18:42 of 2nd period - Snap shot by Mikko Lehtonen.
18:42 of 2nd period - Shot Misses the Net.
18:44 of 2nd period - Snap shot by Keaton Ellerby.
18:44 of 2nd period - Stopped by Anders Nilsson with a rebound.
18:46 of 2nd period - Wrist shot by Mackenzie MacEachern.
18:46 of 2nd period - Shot Misses the Net.
18:56 of 2nd period - Wrist shot by Troy Brouwer.
18:56 of 2nd period - Goal by Troy Brouwer - Blackdemons : 3 - Ice Dragons : 4.
18:57 of 2nd period - Tyler Haskins wins face-off versus Martin Hanzal in neutral zone.
19:08 of 2nd period - Tyler Haskins is hit by Blake Pietila and loses puck.
19:44 of 2nd period - Off-side.
19:45 of 2nd period - Andrej Nestrasil wins face-off versus Kyle Rau in neutral zone.
19:54 of 2nd period - Slapshot by Jeffrey Foss.
19:54 of 2nd period - Deflect By Justin Faulk.
19:54 of 2nd period - Stopped by Anders Nilsson without a rebound.
19:55 of 2nd period - Michael Latta wins face-off versus Martin Hanzal in Ice Dragons zone.
19:55 of 2nd period - Michael Latta is hit by Blake Pietila.
Goals for this period are 2 for Blackdemons vs 3 for Ice Dragons.
Shots for this period are 17 for Blackdemons vs 10 for Ice Dragons.

3rd period


0:01 of 3rd period - Martin Hanzal wins face-off versus Michael Latta in neutral zone.
0:26 of 3rd period - Mathew Dumba is hit by Kevin Connauton and loses puck.
1:09 of 3rd period - Snap shot by Martin Hanzal.
1:09 of 3rd period - Shot Misses the Net.
1:29 of 3rd period - Martin Hanzal is hit by Michael Latta and loses puck.
1:38 of 3rd period - Slapshot by Troy Brouwer.
1:38 of 3rd period - Shot Misses the Net.
2:04 of 3rd period - Minor Penalty to Tyler Haskins for High sticking.
2:05 of 3rd period - Curtis Glencross wins face-off versus Noel Acciari in Ice Dragons zone.
3:08 of 3rd period - Petr Vrana is hit by Calvin de Haan.
4:02 of 3rd period - Snap shot by Michael Latta.
4:02 of 3rd period - Shot Misses the Net.
4:04 of 3rd period - Penalty to Tyler Haskins is over, Tyler Haskins is back on ice.
4:13 of 3rd period - Off-side.
4:14 of 3rd period - Kyle Rau wins face-off versus Logan MacMillan in neutral zone.
4:58 of 3rd period - Minor Penalty to Petr Vrana for Interference.
4:59 of 3rd period - Martin Hanzal wins face-off versus Curtis Glencross in Ice Dragons zone.
5:04 of 3rd period - Snap shot by Martin Hanzal.
5:04 of 3rd period - Stopped by Anders Nilsson without a rebound.
5:05 of 3rd period - Curtis Glencross wins face-off versus Martin Hanzal in Ice Dragons zone.
5:33 of 3rd period - Icing by Mathew Dumba.
5:34 of 3rd period - Curtis Glencross wins face-off versus Noel Acciari in Blackdemons zone.
5:43 of 3rd period - Snap shot by Noel Acciari.
5:43 of 3rd period - Stopped by Anders Nilsson with a rebound.
6:07 of 3rd period - Snap shot by Branko Radivojevic.
6:07 of 3rd period - Shot Misses the Net.
6:58 of 3rd period - Penalty to Petr Vrana is over, Petr Vrana is back on ice.
7:05 of 3rd period - Off-side.
7:06 of 3rd period - Mackenzie MacEachern wins face-off versus Tyler Haskins in neutral zone.
7:13 of 3rd period - Snap shot by Kyle Rau.
7:13 of 3rd period - Shot Hit the Post.
7:30 of 3rd period - Icing by Max Friberg.
7:31 of 3rd period - Logan MacMillan wins face-off versus Scott Timmins in Blackdemons zone.
7:33 of 3rd period - Minor Penalty to Logan MacMillan for Holding Stick.
7:34 of 3rd period - Martin Hanzal wins face-off versus Curtis Glencross in Ice Dragons zone.
7:38 of 3rd period - Snap shot by Blake Pietila.
7:38 of 3rd period - Stopped by Anders Nilsson without a rebound.
7:39 of 3rd period - Martin Hanzal wins face-off versus Curtis Glencross in Ice Dragons zone.
7:40 of 3rd period - Snap shot by Ales Kotalik.
7:40 of 3rd period - Stopped by Anders Nilsson with a rebound.
7:42 of 3rd period - Snap shot by Blake Pietila.
7:42 of 3rd period - Stopped by Anders Nilsson without a rebound.
7:43 of 3rd period - Curtis Glencross wins face-off versus Martin Hanzal in Ice Dragons zone.
8:41 of 3rd period - Wrist shot by Michael Latta.
8:41 of 3rd period - Shot Blocked by Sergei Plotnikov.
8:48 of 3rd period - Off-side.
8:49 of 3rd period - Curtis Glencross wins face-off versus Martin Hanzal in neutral zone.
8:59 of 3rd period - Off-side.
9:00 of 3rd period - Curtis Glencross wins face-off versus Martin Hanzal in neutral zone.
9:33 of 3rd period - Penalty to Logan MacMillan is over, Logan MacMillan is back on ice.
9:35 of 3rd period - Snap shot by Ales Kotalik.
9:35 of 3rd period - Stopped by Anders Nilsson without a rebound.
9:36 of 3rd period - Noel Acciari wins face-off versus Andrej Nestrasil in Ice Dragons zone.
10:56 of 3rd period - Wrist shot by Blake Pietila.
10:56 of 3rd period - Stopped by Anders Nilsson with a rebound.
10:58 of 3rd period - Snap shot by Ales Kotalik.
10:58 of 3rd period - Shot Misses the Net.
11:00 of 3rd period - Snap shot by Martin Hanzal.
11:00 of 3rd period - Stopped by Anders Nilsson with a rebound.
11:34 of 3rd period - Snap shot by Sergei Plotnikov.
11:34 of 3rd period - Stopped by Anders Nilsson with a rebound.
11:36 of 3rd period - Wrist shot by Mathew Dumba.
11:36 of 3rd period - Shot Blocked by Ian Cole.
11:38 of 3rd period - Slapshot by Mathew Dumba.
11:38 of 3rd period - Shot Hit the Post.
11:40 of 3rd period - Slapshot by Mathew Dumba.
11:40 of 3rd period - Deflect By Mikko Lehtonen.
11:40 of 3rd period - Goal by Mikko Lehtonen - Blackdemons : 4 - Ice Dragons : 4.
11:41 of 3rd period - Michael Latta wins face-off versus Martin Hanzal in neutral zone.
11:44 of 3rd period - Wrist shot by Michael Latta.
11:44 of 3rd period - Stopped by Alexander Salak without a rebound.
11:45 of 3rd period - Michael Latta wins face-off versus Martin Hanzal in Blackdemons zone.
11:46 of 3rd period - Wrist shot by Troy Brouwer.
11:46 of 3rd period - Shot Blocked by Blake Pietila.
11:48 of 3rd period - Slapshot by Joe Callahan.
11:48 of 3rd period - Shot Misses the Net.
11:50 of 3rd period - Wrist shot by Troy Brouwer.
11:50 of 3rd period - Stopped by Alexander Salak without a rebound.
11:51 of 3rd period - Michael Latta wins face-off versus Martin Hanzal in Blackdemons zone.
12:26 of 3rd period - Slapshot by Ales Kotalik.
12:26 of 3rd period - Stopped by Anders Nilsson with a rebound.
13:03 of 3rd period - Wrist shot by Curtis Glencross.
13:03 of 3rd period - Stopped by Alexander Salak with a rebound.
13:27 of 3rd period - Snap shot by Curtis Glencross.
13:27 of 3rd period - Deflect By Troy Brouwer.
13:27 of 3rd period - Stopped by Alexander Salak with a rebound.
13:42 of 3rd period - Off-side.
13:43 of 3rd period - Noel Acciari wins face-off versus Tyler Haskins in neutral zone.
14:49 of 3rd period - Christian Djoos is hit by Branko Radivojevic and loses puck.
15:24 of 3rd period - Snap shot by Max Friberg.
15:24 of 3rd period - Stopped by Anders Nilsson with a rebound.
15:26 of 3rd period - Slapshot by Mikko Lehtonen.
15:26 of 3rd period - Deflect By Kyle Rau.
15:26 of 3rd period - Shot Blocked by Tomas Kudelka.
15:26 of 3rd period - Puck is out of play.
15:27 of 3rd period - Petr Vrana wins face-off versus Mikko Lehtonen in Ice Dragons zone.
15:34 of 3rd period - Max Friberg is hit by Justin Faulk and loses puck.
15:47 of 3rd period - Backhand shot by Justin Faulk.
15:47 of 3rd period - Shot Blocked by Keaton Ellerby.
15:57 of 3rd period - Branko Radivojevic is hit by Andrej Nestrasil and loses puck.
16:12 of 3rd period - Snap shot by Max Friberg.
16:12 of 3rd period - Stopped by Anders Nilsson without a rebound.
16:13 of 3rd period - Michael Chaput wins face-off versus Scott Timmins in Ice Dragons zone.
16:38 of 3rd period - Mikko Lehtonen is hit by Ian Cole and loses puck.
17:05 of 3rd period - Slapshot by Ian Cole.
17:05 of 3rd period - Shot Misses the Net.
17:07 of 3rd period - Slapshot by Joe Callahan.
17:07 of 3rd period - Deflect By Jeffrey Foss.
17:07 of 3rd period - Stopped by Alexander Salak with a rebound.
17:51 of 3rd period - Kyle Rau is hit by Tyler Haskins.
17:55 of 3rd period - Jeffrey Foss is hit by Kevin Connauton and loses puck.
18:10 of 3rd period - Slapshot by Michael Chaput.
18:10 of 3rd period - Deflect By Chris Wagner.
18:10 of 3rd period - Shot Misses the Net.
18:10 of 3rd period - Puck is out of play.
18:11 of 3rd period - Noel Acciari wins face-off versus Andrej Nestrasil in Blackdemons zone.
18:11 of 3rd period - Noel Acciari is hit by Andrej Nestrasil.
18:22 of 3rd period - Slapshot by Andrej Nestrasil.
18:22 of 3rd period - Stopped by Alexander Salak with a rebound.
18:45 of 3rd period - Slapshot by Troy Brouwer.
18:45 of 3rd period - Stopped by Alexander Salak with a rebound.
18:52 of 3rd period - Icing by Mackenzie MacEachern.
18:53 of 3rd period - Tyler Haskins wins face-off versus Kyle Rau in Blackdemons zone.
19:14 of 3rd period - Slapshot by Keaton Ellerby.
19:14 of 3rd period - Deflect By Kyle Rau.
19:14 of 3rd period - Stopped by Anders Nilsson with a rebound.
19:16 of 3rd period - Wrist shot by Mackenzie MacEachern.
19:16 of 3rd period - Stopped by Anders Nilsson without a rebound.
19:17 of 3rd period - Tyler Haskins wins face-off versus Noel Acciari in Ice Dragons zone.
19:19 of 3rd period - Minor Penalty to Tyler Haskins for High sticking.
19:20 of 3rd period - Curtis Glencross wins face-off versus Martin Hanzal in Ice Dragons zone.
19:46 of 3rd period - Curtis Glencross is hit by Branko Radivojevic and loses puck.
Goals for this period are 1 for Blackdemons vs 0 for Ice Dragons.
Shots for this period are 15 for Blackdemons vs 7 for Ice Dragons.

Overtime #1


0:01 of 1st overtime period - Curtis Glencross wins face-off versus Martin Hanzal in neutral zone.
0:12 of 1st overtime period - Curtis Glencross is hit by Mathew Dumba and loses puck.
0:51 of 1st overtime period - Slapshot by Justin Faulk.
0:51 of 1st overtime period - Shot Misses the Net.
1:07 of 1st overtime period - Slapshot by Kevin Connauton.
1:07 of 1st overtime period - Shot Misses the Net.
1:09 of 1st overtime period - Slapshot by Kevin Connauton.
1:09 of 1st overtime period - Shot Blocked by Martin Hanzal.
1:11 of 1st overtime period - Snap shot by Kevin Connauton.
1:11 of 1st overtime period - Stopped by Alexander Salak with a rebound.
1:13 of 1st overtime period - Snap shot by Kevin Connauton.
1:13 of 1st overtime period - Deflect By Justin Shugg.
1:13 of 1st overtime period - Shot Blocked by Martin Hanzal.
1:13 of 1st overtime period - Puck is out of play.
1:14 of 1st overtime period - Martin Hanzal wins face-off versus Curtis Glencross in Blackdemons zone.
1:14 of 1st overtime period - Martin Hanzal is hit by Curtis Glencross.
1:19 of 1st overtime period - Penalty to Tyler Haskins is over, Tyler Haskins is back on ice.
1:44 of 1st overtime period - Noel Acciari is hit by Justin Faulk and loses puck.
2:48 of 1st overtime period - Ian Cole is hit by Kyle Rau and loses puck.
3:23 of 1st overtime period - Michael Ferland is hit by Sergei Plotnikov and loses puck.
4:18 of 1st overtime period - Calvin de Haan is hit by Petr Vrana and loses puck.
Goals for this period are 0 for Blackdemons vs 0 for Ice Dragons.
Shots for this period are 0 for Blackdemons vs 1 for Ice Dragons.

ShootOut


5:00 of 1st overtime period - Penalty Shot by Noel Acciari for Blackdemons.
5:00 of 1st overtime period - Snap shot by Noel Acciari.
5:00 of 1st overtime period - Goal by Noel Acciari.
5:00 of 1st overtime period - Penalty Shot by Curtis Glencross for Ice Dragons.
5:00 of 1st overtime period - Deke by Curtis Glencross.
5:00 of 1st overtime period - Shot Misses the Net.
5:00 of 1st overtime period - Penalty Shot by Martin Hanzal for Blackdemons.
5:00 of 1st overtime period - Deke by Martin Hanzal.
5:00 of 1st overtime period - Goal by Martin Hanzal.
5:00 of 1st overtime period - Penalty Shot by Troy Brouwer for Ice Dragons.
5:00 of 1st overtime period - Wrist shot by Troy Brouwer.
5:00 of 1st overtime period - Shot Misses the Net.